 Dungeon Crawl Stone Soup version 0.30-a0-760-g5a9884bb7c (webtiles) character file.

Game seed: 771458622278819188

98 mopl the Sneak (level 4, -1/23 HPs)
             Began as a Vine Stalker Brigand on Feb 10, 2023.
             Slain by a scorpion (4 damage)
             ... on level 4 of the Dungeon.
             The game lasted 00:02:15 (1940 turns).

mopl the Sneak (Vine Stalker Brigand)               Turns: 1940, Time: 00:02:16

Health: -1/23      AC:  3    Str: 13    XL:     4   Next: 69%
Magic:  0/5        EV: 11    Int: 11    God:
Gold:   139        SH:  0    Dex: 18    Spells: 3/3 levels left

rFire   . . .      SeeInvis .    a - +2 dagger
rCold   + . .      Faith    .    (no shield)
rNeg    + . .      Spirit   +    n - +0 robe
rPois   .          Reflect  .    (no helmet)
rElec   .          Harm     .    c - +0 cloak
rCorr   .          Rampage  .    (no gloves)
Will    .....                    (no boots)
Stlth   +++                      m - amulet of the acrobat
HPRegen 1.03/turn                t - ring of protection from cold
MPRegen 0.09/turn                v - ring of positive energy

@: no status effects
A: fangs 2, regeneration 1, magic shield, antimagic bite, no potion heal 2
a: no special abilities


You were on level 4 of the Dungeon.
You visited 1 branch of the dungeon, and saw 4 of its levels.

You collected 139 gold pieces.

Inventory:

Hand Weapons
 a - a +2 dagger (weapon)
 b - a +0 spear of venom
Missiles
 d - 9 poisoned darts (quivered)
 e - 3 curare-tipped darts
Armour
 c - a +0 cloak (worn)
 n - a +0 robe (worn)
 x - the -1 pair of gloves "Hemuest" {rC- rCorr Stlth+}
   (You found it on level 3 of the Dungeon)

   rC:        It makes you vulnerable to cold.
   rCorr:     It protects you from acid and corrosion.
   Stlth:     It makes you more stealthy.
Jewellery
 h - a ring of fire
 m - an amulet of the acrobat (around neck)
 r - a ring of ice
 t - a ring of protection from cold (left hand)
 v - a ring of positive energy (right hand)
 y - a ring of positive energy
Scrolls
 f - 2 scrolls of enchant armour {unknown}
 i - 4 scrolls of identify {unknown}
 k - 2 scrolls of immolation {unknown}
 o - a scroll of fog {unknown}
 p - 2 scrolls of vulnerability {unknown}
 q - a scroll of silence {unknown}
 s - a scroll of blinking {unknown}
Potions
 g - 3 potions of curing
 j - a potion of flight {unknown}
 l - a potion of mutation {unknown}
 u - a potion of invisibility {unknown}
 w - a potion of berserk rage {unknown}


   Skills:
 - Level 1.7 Fighting
 + Level 2.8 Short Blades
 + Level 2.8 Throwing
 - Level 0.7 Dodging
 + Level 5.8 Stealth


You had 3 spell levels left.
You didn't know any spells.
Your spell library contained the following spells:

 Spells                   Type           Power      Damage    Failure   Level
 Scorch                   Fire           0%         2d5       47%         2
 Flame Wave               Conj/Fire      0%         2d4       98%         4
 Summon Cactus Giant      Summ           0%         N/A       100%        6


Dungeon Overview and Level Annotations

Branches:
Dungeon (4/15)
 Temple: D:4-7

Altars:

Annotations:
D:4 Menkaure


Innate Abilities, Weirdness & Mutations

You have extremely sharp teeth.
Your natural rate of healing is unusually fast.
When hurt, damage is shared between your health and your magic reserves.
Your bite disrupts and absorbs the magic of your enemies.
Potions cannot restore your health.


Message History

You feel sick. The scorpion completely misses you.
You hit the scorpion but do no damage.
The scorpion is lightly wounded.
You feel sick.
The scorpion stings you but does no damage.
You hit the scorpion but do no damage. Your bite misses the scorpion.
The scorpion is lightly wounded.
You feel sick. The scorpion barely misses you.
You hit the scorpion but do no damage.
The scorpion is lightly wounded.
You feel sick. The scorpion misses you.
You hit the scorpion.
The scorpion is lightly wounded.
You feel sick. The scorpion stings you.
You are more poisoned.
The scorpion poisons you!
You barely miss the scorpion. Your bite misses the scorpion.
The scorpion is lightly wounded.
You feel sick. The scorpion barely misses you.
You barely miss the scorpion. You bite the scorpion. You drain its power.
You feel invigorated.
The scorpion is moderately wounded.
You feel very sick. The scorpion stings you.
* * * LOW HITPOINT WARNING * * *
You are lethally poisoned!
The scorpion poisons you!
You hit the scorpion.
You bite the scorpion, but do no damage.
The scorpion is heavily wounded.
* * * LOW HITPOINT WARNING * * *
You feel very sick. The scorpion closely misses you.
It was a potion of curing.
Your system rejects the healing.
You feel better. The scorpion barely misses you.
You closely miss the scorpion.
You bite the scorpion, but do no damage.
The scorpion is heavily wounded.
The scorpion stings you.
You die...

## .. ..####+######.
.............
...M........
...........##########
...........##.......#
............s@......#
....................#
.##.......##.......#
#.......##.......#
#........+.......#
..........##.......#
...........##########
..##...)...# .
#########


You could see a scorpion.

Vanquished Creatures
  A hound (D:4)
  An adder (D:3)
  2 worms (D:2)
  A dart slug (D:3)
  An orc (D:3)
  2 bats
  6 endoplasms
  3 giant cockroaches
  5 goblins
  2 hobgoblins (D:1)
  11 kobolds
  4 ball pythons (D:1)
  7 frilled lizards
  8 rats
54 creatures vanquished.

Vanquished Creatures (others)
  6 plants (D:1)
6 creatures vanquished.

Grand Total: 60 creatures vanquished

Notes
Turn   | Place    | Note
-------+----------+-------------------------------------------
     0 | D:1      | mopl the Vine Stalker Brigand began the quest for the Orb.
     0 | D:1      | Reached XP level 1. HP: 11/11 MP: 2/2
   134 | D:1      | Reached skill level 2 in Short Blades
   134 | D:1      | Reached skill level 2 in Throwing
   134 | D:1      | Reached skill level 5 in Stealth
   143 | D:1      | Reached XP level 2. HP: 9/15 MP: 0/3
   449 | D:1      | Reached XP level 3. HP: 13/18 MP: 4/4
  1510 | D:3      | Gained mutation: Your natural rate of healing is unusually
                  | fast. [Vine Stalker growth]
  1510 | D:3      | Reached XP level 4. HP: 11/23 MP: 3/5
  1779 | D:3      | Identified the -1 pair of gloves "Hemuest" {rC- rCorr
                  | Stlth+}
  1907 | D:4      | Noticed a scorpion
  1910 | D:4      | Noticed Menkaure
  1938 | D:4      | HP: 1/23 [poisoned by a scorpion]
  1940 | D:4      | Slain by a scorpion

Illustrated notes

Levels and vault maps discovered:
D:1:      minmay_arrival_widening_spiral_wide, layout_loops_ring,
          lexackson_kobold_supper
D:2:      layout_loops_ring, kennysheep_cluttered_room
D:3:      layout_loops_ring
D:4:      layout_gridville, serial_shops, nicolae_shop_hallway_plus,
          uniq_menkaure, uniq_grinder

Skill      XL: |  1 |
---------------+----+-----
Short Blades   | 2 |  2.8
Throwing       | 2 |  2.8
Stealth        | 5 |  5.8
Fighting       | |  1.7
Dodging        | |  0.7

Action                     |  1- 3 |  4- 6 || total
---------------------------+-------+-------++-------
  Melee: Dagger            |   100 |    35 ||   135
         Bite              |    27 |    10 ||    37
         Punch             |     1 |       ||     1
    Use: Potion            |       |     1 ||     1
   Stab: Sleeping          |     9 |     2 ||    11
 Armour: Robe              |    18 |     8 ||    26
  Dodge: Dodged            |    33 |    31 ||    64

Table legend: (Time is in decaauts)
 A = Elapsed time spent in this place.
 B = Non-inter-level travel time spent in this place.
 C = Inter-level travel time spent in this place.
 D = Time resting spent in this place.
 E = Time spent auto-exploring this place.
 F = Levels seen in this place.
 G = Mean time per level.
                   A        B        C        D        E       F      G
               +--------+--------+--------+--------+--------+-----+--------+
         Total |   1923 |   1819 |    104 |      0 |   1435 |   4 |  480.8 |
       Dungeon |   1923 |   1819 |    104 |      0 |   1435 |   4 |  480.8 |
               +--------+--------+--------+--------+--------+-----+--------+

Top non-repeatable levels by time:
     D:1: 752 daAuts
     D:2: 612 daAuts
     D:3: 525 daAuts
     D:4: 32 daAuts
